 Dungeon Crawl Stone Soup version 0.29.1-15-g9cfb28693d (webtiles) character file.

Game seed: 2601327286576038402

105 Sanktem7 the Trooper (level 4, 0/41 HPs)
             Began as a Minotaur Fighter on Mar 13, 2023.
             Slain by an orc wizard
             ... wielding a +2 dagger of freezing
              (2 damage)
             ... on level 3 of the Dungeon.
             The game lasted 00:02:22 (1677 turns).

Sanktem7 the Trooper (Minotaur Fighter)             Turns: 1677, Time: 00:02:22

Health: 0/41       AC:  7    Str: 23    XL:     4   Next: 53%
Magic:  3/3        EV:  9    Int:  5    God:
Gold:   221        SH:  0    Dex: 15    Spells: 3/3 levels left

rFire   . . .      SeeInvis .   a - +0 war axe {axe}
rCold   . . .      Faith    .   c - +0 buckler
rNeg    . . .      Spirit   .   b - +0 scale mail
rPois   .          Reflect  +   (helmet restricted)
rElec   .          Harm     .   (no cloak)
rCorr   .          Rampage  .   (no gloves)
Will    .....                   (no boots)
Stlth   ..........              f - amulet of reflection
HPRegen 0.13/turn               p - +6 ring of dexterity
MPRegen 0.08/turn               (no ring)

@: confused
A: horns 2, retaliatory headbutt
a: no special abilities


You were on level 3 of the Dungeon.
You visited 1 branch of the dungeon, and saw 3 of its levels.

You collected 221 gold pieces.


Innate Abilities, Weirdness & Mutations

You have a pair of horns on your head.
You reflexively headbutt those who attack you in melee.


   Skills:
 + Level 4.3 Fighting
 * Level 4.2 Axes
 + Level 4.2 Armour
 + Level 4.3 Shields


You had 3 spell levels left.
You didn't know any spells.
Your spell library contained the following spells:

 Spells                   Type           Power      Damage    Failure   Level
 Animate Dead             Necr           0%         N/A       100%        4
 Borgnjor's Vile Clutch   Necr/Erth      0%         N/A       100%        5
 Death Channel            Necr           0%         N/A       100%        6

Inventory:

Hand Weapons
 a - a +0 war axe (weapon) {axe}
 j - a +2 mace of draining {mace}
   (You found it on level 1 of the Dungeon)
Missiles
 n - 8 stones (quivered) {throwing}
 r - 5 poisoned darts {throwing}
Armour
 b - a +0 scale mail (worn)
 c - a +0 buckler (worn)
Jewellery
 f - an amulet of reflection (around neck)
   (You found it on level 1 of the Dungeon)
 p - a +6 ring of dexterity (left hand)
   (You found it on level 2 of the Dungeon)
 q - an amulet of guardian spirit
   (You found it on level 2 of the Dungeon)
Scrolls
 e - a scroll of amnesia {unknown}
 m - a scroll of noise {unknown}
 o - a scroll of enchant weapon {unknown}
 s - a scroll of summoning {unknown}
 t - a scroll of butterflies {unknown}
Potions
 d - a potion of might
 g - 2 potions of lignification {unknown}
 h - 2 potions of attraction {unknown}
 i - 2 potions of haste {unknown}
 k - 2 potions of mutation {unknown}
 l - a potion of brilliance {unknown}

Dungeon Overview and Level Annotations

Branches:
Dungeon (3/15) Zot: 16250

Altars:

#......# # #......#### #
#.........# #
#.........# #
#.......(.# ###
#.........# #..
.######..)....########..
.......{)...............
.......@))....#######...
.....?.####+### #...
....... #... .......
#... ....... ####
....... ......= .......


There were no monsters in sight!


Message History

You closely miss the orc. You barely miss the orc. You closely miss something.
The orc shouts!
Something hits you. Something freezes you. The orc hits you but does no damage.
The orc misses you.
You hear some strange, mumbled words.
A puff of flame appears from out of thin air!
The puff of flame hits you. 😮 HP[-9]
You take 9 damage, and now have 28/40 hp.
MASSIVE DAMAGE!! (PAUSE)
You hit something. You closely miss the orc. You hit the orc.
The orc hits you but does no damage.
Something hits you but does no damage. 😮 HP[+1]
You closely miss something. Your headbutt misses something. You hit the orc.
You hit the orc but do no damage.
You hear some strange, mumbled words.
A magic dart appears from out of thin air!
The magic dart hits you. The orc closely misses you. 😮 HP[-5]
You take 5 damage, and now have 24/40 hp.
You miss something.
You hit the orc but do no damage. x2; You hit the orc.
You kill the orc!
The orc barely misses you. Something hits you. Something freezes you.
You block the orc's attack. The adder barely misses you.
You block the orc's attack. Something hits you but does no damage.
The orc closely misses you. 😮 HP[-2]
You take 2 damage, and now have 22/40 hp.
You barely miss something. You closely miss the adder. You barely miss the orc.
You hit the orc. You closely miss the orc. The adder closely misses you.
You furiously retaliate!
You headbutt the adder. The orc hits you but does no damage.
Something hits you but does no damage.
The orc hits you but does no damage. x2; You block the adder's attack.
Unknown command.
You closely miss something. You barely miss the adder. You slash the orc!
You kill the orc!
You hit the orc. You closely miss the orc.
The orc hits you with a +0 short sword. You block the adder's attack.
Something hits you.
* * * LOW HITPOINT WARNING * * *
Something freezes you.
* * * LOW HITPOINT WARNING * * *
The orc barely misses you. The adder closely misses you.
The orc barely misses you. You furiously retaliate!
You headbutt the orc, but do no damage. You block the orc's attack. 😨 HP[-4]
You take 4 damage, and now have 18/40 hp.
You completely miss the orc. You hit the orc.
You kill the orc!
You closely miss the adder. You closely miss the rat. You hit the orc.
You block the adder's attack. You block the rat's attack.
The orc hits you but does no damage. 😨 HP[+1]
The adder bites you.
* * * LOW HITPOINT WARNING * * *
The rat misses you. You block something's attack. You block the orc's attack.
The orc closely misses you. The adder bites you but does no damage.
Things that are here:
a +0 flail {mace}; an orc corpse; a frilled lizard corpse 😨 HP[-3]
You take 3 damage, and now have 16/40 hp.
You closely miss the rat. You slash the worm! You slash the adder!
You kill the adder!
You hit the orc.
You kill the orc!
You hit the orc. You closely miss something. Something hits you.
* * * LOW HITPOINT WARNING * * *
Something freezes you.
* * * LOW HITPOINT WARNING * * *
The rat bites you but does no damage. You block the orc's attack.
You block the worm's attack. 😱 HP[-8]
You now have 41 max hp (+1).
You take 8 damage, and now have 8/41 hp.
You closely miss the rat. You closely miss something.
You hit the worm but do no damage. You hit the orc.
You kill the orc!
You block the rat's attack.
You hear some strange, mumbled words.
Something tries to affect you, but you resist.
The worm barely misses you. You furiously retaliate!
You headbutt the worm!
You hear some strange, mumbled words.
You are confused.
The rat bites you but does no damage.
You miss the rat. You closely miss something. You hit the worm.
You kill the worm!
Something hits you.
* * * LOW HITPOINT WARNING * * *
Something freezes you.
* * * LOW HITPOINT WARNING * * *
The rat bites you.
* * * LOW HITPOINT WARNING * * *
😱 HP[-7]
You take 7 damage, and now have 1/41 hp.
You slash the rat!
You kill the rat!
You closely miss something.
Something hits you but does no damage. 😱 HP[+1]
Something hits you.
You die...

Skill      XL: |  1  2  3  4 |
---------------+-------------+-----
Axes           | 3 4 |  4.2
Fighting       | 4 |  4.3
Shields        | 4 |  4.3
Armour         | 4 |  4.2

Action                   |  1- 3 |  4- 6 || total
-------------------------+-------+-------++-------
Melee: War axe           |   173 |    21 ||   194
       Headbutt          |    39 |       ||    39
Armor: Scale mail        |    16 |    15 ||    31
Dodge: Dodged            |    30 |    15 ||    45
Block: Buckler           |    44 |    16 ||    60
       Reflection        |     2 |       ||     2

Levels and vault maps discovered:
D:1:      roderic_crop_circles_arrival_small, layout_loops_ring
D:2:      layout_loops_corners
D:3:      layout_basic, nicolae_overflow_hidden_temple,
          shapermc_ecumenical_altar_mp_urbaneastern

Notes
Turn   | Place    | Note
-------+----------+-------------------------------------------
     0 | D:1      | Sanktem7 the Minotaur Fighter began the quest for the Orb.
     0 | D:1      | Reached XP level 1. HP: 19/19 MP: 0/0
     0 | D:1      | magus.rc [v1.9.6]
   277 | D:1      | Reached XP level 2. HP: 22/27 MP: 1/1
   282 | D:1      | Reached skill level 3 in Axes
   315 | D:1      | You pick up a book of Unlife and begin reading...
   315 | D:1      | You add the spells Animate Dead, Borgnjor's Vile Clutch and
                  | Death Channel to your library.
   750 | D:1      | Reached XP level 3. HP: 26/33 MP: 2/2
   904 | D:1      | Reached skill level 4 in Fighting
   904 | D:1      | Reached skill level 4 in Shields
  1162 | D:2      | Reached skill level 4 in Armour
  1456 | D:2      | You fall into a shaft and drop 1 floor!
  1594 | D:3      | Reached XP level 4. HP: 40/40 MP: 3/3
  1610 | D:3      | Found a faded altar of an unknown god.
  1663 | D:3      | Reached skill level 4 in Axes
  1673 | D:3      | HP: 8/40 [something (3)]
  1675 | D:3      | HP: 1/41 [rat (3)]
  1677 | D:3      | Slain by an orc wizard

Vanquished Creatures
  4 adders
  A worm (D:3)
  6 orcs (D:3)
  4 bats
  5 endoplasms
  2 giant cockroaches (D:1)
  5 goblins
  6 hobgoblins (D:1)
  6 jackals
  4 ball pythons
  5 frilled lizards
  3 kobolds
  4 rats
55 creatures vanquished.

Vanquished Creatures (others)
  85 plants
85 creatures vanquished.

Grand Total: 140 creatures vanquished

Table legend:
 A = Non-vault XP
 B = Vault XP
 C = Vault XP percentage of total XP
 D = Non-vault monster count
 E = Vault monster count
 F = Vault count percentage of total count
                 A         B        C        D         E       F
            +---------+---------+-------+---------+---------+-------
      Total |     150 |       0 |   0.0 |      55 |       0 |   0.0
            +---------+---------+-------+---------+---------+-------
        D:1 |      45 |       0 |   0.0 |      27 |       0 |   0.0
        D:2 |      30 |       0 |   0.0 |      11 |       0 |   0.0
        D:3 |      75 |       0 |   0.0 |      17 |       0 |   0.0
            +---------+---------+-------+---------+---------+-------

Illustrated notes

Table legend:
 A = Kills in this place as a percentage of kills in entire the game.
 B = Kills by you in this place as a percentage of kills by you in the entire game.
 C = Kills by friends in this place as a percentage of kills by friends in the entire game.
 D = Other kills in this place as a percentage of other kills in the entire game.
 E = Experience gained in this place as a percentage of experience gained in the entire game.
 F = Experience gained in this place divided by the number of levels of this place that you have seen.
                   A       B       C       D       E      F
               +-------+-------+-------+-------+-------+----------------------
         Total | 100.0 | 100.0 |   N/A |   N/A | 100.0 |  50.0
       Dungeon | 100.0 | 100.0 |   N/A |   N/A | 100.0 |  50.0
               +-------+-------+-------+-------+-------+----------------------

Table legend: (Time is in decaauts)
 A = Elapsed time spent in this place.
 B = Non-inter-level travel time spent in this place.
 C = Inter-level travel time spent in this place.
 D = Time resting spent in this place.
 E = Time spent auto-exploring this place.
 F = Levels seen in this place.
 G = Mean time per level.
                   A        B        C        D        E       F      G
               +--------+--------+--------+--------+--------+-----+--------+
         Total |   1748 |   1748 |      0 |      0 |   1291 |   3 |  582.7 |
       Dungeon |   1748 |   1748 |      0 |      0 |   1291 |   3 |  582.7 |
               +--------+--------+--------+--------+--------+-----+--------+

Top non-repeatable levels by time:
     D:1: 1209 daAuts
     D:2: 305 daAuts
     D:3: 233 daAuts
